 Dungeon Crawl Stone Soup version 0.30-a0-292-g0f741e3f8e (webtiles) character file.

Game seed: 17463727373137880324

44 jlumianski the Chopper (level 3, 0/27 HPs)
             Began as a Demonspawn Gladiator on Oct 17, 2022.
             Slain by Grinder (5 damage)
             ... on level 3 of the Dungeon.
             The game lasted 00:07:45 (1570 turns).

jlumianski the Chopper (Demonspawn Gladiator)       Turns: 1570, Time: 00:07:46

Health: 0/27       AC: 14    Str: 16    XL:     3   Next: 39%
Magic:  3/3        EV: 12    Int:  9    God:
Gold:   148        SH:  0    Dex: 14    Spells: 2/2 levels left

rFire   . . .      SeeInvis .    a - +0 war axe (venom)
rCold   . . .      Faith    .    (no shield)
rNeg    . . .      Spirit   .    o - +1 leather armour {Will+}
rPois   .          Reflect  .    c - +0 helmet
rElec   .          Harm     .    (no cloak)
rCorr   .          Rampage  .    (no gloves)
Will    +....                    (no boots)
Stlth   +.........               (no amulet)
HPRegen 0.24/turn                (no ring)
MPRegen 0.08/turn                (no ring)

@: sanguine armoured
A: sanguine armour 2
a: no special abilities


You were on level 3 of the Dungeon.
You visited 1 branch of the dungeon, and saw 4 of its levels.

You collected 174 gold pieces.
You spent 26 gold pieces at shops.

Inventory:

Hand Weapons
 a - a +0 war axe of venom (weapon)
Missiles
 d - 3 throwing nets
 e - a javelin
 n - 2 poisoned darts
 p - 5 boomerangs (quivered)
Armour
 b - a +0 leather armour
 c - a +0 helmet (worn)
 o - a +1 leather armour of willpower (worn)
Magical Staves
 t - a staff of cold
Scrolls
 i - a scroll of amnesia
 k - a scroll of brand weapon
 q - a scroll of immolation
 r - a scroll of noise {unknown}
Potions
 f - a potion of curing
 g - a potion of attraction
 h - a potion of heal wounds
 j - a potion of ambrosia {unknown}
 l - a potion of degeneration {unknown}
 m - a potion of resistance {unknown}
 s - 2 potions of lignification {unknown}


   Skills:
 + Level 2.3 Fighting
 + Level 3.2 Axes
 + Level 2.1 Throwing
 + Level 0.9 Armour
 + Level 3.0 Dodging


You had 2 spell levels left.
You didn't know any spells.
Your spell library contained the following spells:

 Spells                   Type           Power      Damage    Failure   Level
 Kiss of Death            Conj/Necr      0%         2d5       45%         1
 Confusing Touch          Hex            0%         N/A       83%         3
 Kindle Blastsparks       Fire/Tloc/Air  0%         2d10      83%         3
 Dispel Undead            Necr           0%         3d6       99%         4
 Fulminant Prism          Conj/Hex       0%         3d6       99%         4
 Iskenderun's Mystic Bla  Conj/Tloc      0%         2d3       99%         4
 Lee's Rapid Deconstruct  Erth           0%         3d4*      100%        5


Dungeon Overview and Level Annotations

Branches:
Dungeon (4/15)
 Temple: D:4-7

Altars:

Shops:
D:1 ?

Annotations:
D:3 3 runed translucent doors, Grinder; brouguemayhem's ghost, amateur HuWr


Innate Abilities, Weirdness & Mutations

When seriously injured, your blood forms thick armour. (AC +9)


Message History

a staff of cold; a goblin corpse
t - a staff of cold You now have 148 gold pieces (gained 9).
Found a club.
Found a robe.
Found 2 stones.
u - a scroll of identify
As you read the scroll of identify, it crumbles to dust.
g - a potion of attraction You see here 2 stones.
You see here 2 stones.
You see here a +0 robe.
A frilled lizard comes into view.
The frilled lizard hisses angrily.
You slash the frilled lizard!
You kill the frilled lizard!
You see here a frilled lizard corpse.
A goblin comes into view. It is wielding a +0 club.
The goblin shouts!
You hear a shout!
Grinder comes into view.
The goblin misses you.
You closely miss the goblin. The goblin completely misses you.
You hit the goblin.
You kill the goblin!
Grinder misses you.
Things that are here:
a +0 club; a goblin corpse You barely miss Grinder.
Grinder hits you.
You writhe in agony.
Your blood congeals into armour.
You closely miss Grinder. Grinder hits you but does no damage.
You hit Grinder but do no damage.
Grinder is poisoned.
Grinder hits you.
You writhe in agony.
Grinder gestures at you. You resist with significant effort.
You hit Grinder but do no damage.
Grinder is lightly wounded.
Grinder hits you!
* * * LOW HITPOINT WARNING * * *
You writhe in agony.
You die...

#..#†#.#.########
#.# #..#...#.# ##
###.# #..##..#.#
#. ..#.#
#........#
#.#####.#†#
#......###
###.......#.#
#####.##
......##.#.# ###
.. #..#.##.#.#
##.####
#..#5.....# ..#.#
#..@....### ##.##
##.####.# #.# #.
..# #.# ## ####
#.# #.# #.# #.###
#...#


You could see Grinder (very poisoned).

Vanquished Creatures
  2 ball pythons
  An endoplasm (D:2)
  3 giant cockroaches (D:2)
  7 goblins
  8 hobgoblins
  6 kobolds
  A quokka (D:1)
  4 bats
  5 frilled lizards
  2 rats (D:1)
39 creatures vanquished.

Notes
Turn   | Place    | Note
-------+----------+-------------------------------------------
     0 | D:1      | jlumianski the Demonspawn Gladiator began the quest for the
                  | Orb.
     0 | D:1      | Reached XP level 1. HP: 16/16 MP: 1/1
   210 | D:1      | Gained mutation: When seriously injured, your blood forms
                  | armour. (AC +9) [demonic ancestry]
   210 | D:1      | Reached XP level 2. HP: 20/22 MP: 2/2
   501 | D:1      | Found Vapyjon's Magic Scroll Shop.
   559 | D:1      | Bought a scroll of identify for 26 gold pieces
   925 | D:2      | Gained mutation: When seriously injured, your blood forms
                  | thick armour. (AC +9) [demonic ancestry]
   925 | D:2      | Reached XP level 3. HP: 25/27 MP: 3/3
  1131 | D:2      | Identified the +1 robe of Duty {rElec Str+9 Int-3 Archmagi}
  1377 | D:3      | Found a runed translucent gate.
  1377 | D:3      | Found a runed translucent gate.
  1379 | D:3      | Found a runed translucent gate.
  1381 | D:3      | Noticed brouguemayhem's ghost (amateur HuWr)
  1381 | D:3      | Found the +5 robe of Misfortune {Harm *Corrode *Slow EV+5}
  1562 | D:3      | Noticed Grinder
  1570 | D:3      | Slain by Grinder

Illustrated notes

Levels and vault maps discovered:
D:1:      lightli_arrival_statue_moat, layout_rooms, serial_shops,
          nicolae_shop_hallway_stairs, minmay_pentomino_z2
D:2:      layout_rooms
D:3:      layout_loops_cross, gammafunk_ghost_split, uniq_robin, uniq_grinder
D:4:      kennysheep_six_static_rooms, layout_layer_cave,
          mainiacjoe_overflow_boulevard, serial_shops, nicolae_lakefront_shop,
          kennysheep_decorative_pillar, kennysheep_orc_chapel,
          uniq_blork_the_orc

Skill      XL: |  1  2 |
---------------+-------+-----
Throwing       | 2 |  2.1
Axes           | 3 |  3.2
Dodging        | 3 |  3.0
Fighting       | |  2.3
Armour         | |  0.9

Action                   || total
-------------------------++-------
Melee: War axe           ||   102
       Punch             ||     1
  Use: Scroll            ||     7
       Potion            ||     1
 Stab: Sleeping          ||     1
Armor: Leather armour    ||    41
Dodge: Dodged            ||   103

Table legend: (Time is in decaauts)
 A = Elapsed time spent in this place.
 B = Non-inter-level travel time spent in this place.
 C = Inter-level travel time spent in this place.
 D = Time resting spent in this place.
 E = Time spent auto-exploring this place.
 F = Levels seen in this place.
 G = Mean time per level.
                   A        B        C        D        E       F      G
               +--------+--------+--------+--------+--------+-----+--------+
         Total |   1609 |   1544 |     65 |     54 |    811 |   4 |  402.2 |
       Dungeon |   1609 |   1544 |     65 |     54 |    811 |   4 |  402.2 |
               +--------+--------+--------+--------+--------+-----+--------+

Top non-repeatable levels by time:
     D:1: 749 daAuts
     D:2: 542 daAuts
     D:3: 314 daAuts
     D:4: 2 daAuts
